 Dungeon Crawl Stone Soup version 0.13-a0-1606-g53bcbbc (webtiles) character file.

324 Koal the Chiller (level 6, -2/45 HPs)
             Began as a Ghoul Ice Elementalist on June 14, 2013.
             Killed from afar by Sigmund (8 damage)
             ... with a puff of flame
             ... on Level 2 of the Dungeon.
             The game lasted 00:16:26 (3106 turns).

Koal the Chiller (Ghoul Ice Elementalist)           Turns: 3106, Time: 00:16:26

HP  -2/45        AC  5     Str 12      XL: 6   Next: 15%
MP   6/8         EV 12     Int 11      God:
Gold 69          SH  0     Dex 10      Spells:  2 memorised,  3 levels left

Res.Fire  : . . .   See Invis. : .   a - +1,+2 whip
Res.Cold  : + . .   Warding    : .   d - +0 robe
Life Prot.: + + +   Conserve   : .   (no shield)
Res.Poison: +       Res.Corr.  : .   (no helmet)
Res.Elec. : .       Clarity    : .   o - +0 cloak
Sust.Abil.: . .     Spirit.Shd : .   w - +0 pair of gloves
Res.Mut.  : .       Stasis     : .   i - +0 pair of boots
Res.Rott. : +       Flight     : .   (no amulet)
Saprovore : + + +                    (no ring)
                                     (no ring)

@: rotting, slightly resistant to hostile enchantments, fairly stealthy
A: rotting body, claws 1, carnivore 3, cold resistance 1, life protection 3,
poison resistance, saprovore 3, slow healing 1, torment resistance, unbreathing
a: no special abilities


You were on level 2 of the Dungeon.
You were not hungry.

You visited 1 branch of the dungeon, and saw 3 of its levels.

You collected 49 gold pieces.

Inventory:

Hand weapons
 a - a +1,+2 whip (weapon)
 b - a +0 blowgun
 n - a +4,+3 quarterstaff of chaos
Missiles
 x - 28 sling bullets
 Y - 44 darts (quivered)
 Z - 46 stones
Armour
 d - a +0 robe (worn)
 i - a +0 pair of boots (worn)
 o - a +0 cloak (worn)
 w - a +0 pair of gloves (worn)
Comestibles
 k - a chunk of jackal flesh
 q - 2 chunks of jackal flesh
 s - 3 rotting chunks of hobgoblin flesh
 z - 5 rotting chunks of centaur flesh
Scrolls
 c - a scroll of curse weapon {unknown}
 g - a scroll of remove curse {unknown}
 h - 2 scrolls of magic mapping {unknown}
 j - a scroll of enchant weapon I {unknown}
 l - 2 scrolls of teleportation {unknown}
 m - 2 scrolls of identify {unknown}
 p - a scroll of enchant weapon II {unknown}
 r - a scroll of fear {unknown}
Potions
 e - a potion of curing {unknown}
 f - a potion of heal wounds {unknown}
Books
 t - a book of Frost

   Spells                             Type                      Level
   *Freeze                            Ice                          1
   Throw Frost                        Conjuration/Ice              2
   *Ozocubu's Armour                  Charms/Ice                   3
   Throw Icicle                       Conjuration/Ice              4
   Summon Ice Beast                   Ice/Summoning                4
   Condensation Shield                Ice                          4


   Skills:
 + Level 3.4 Maces & Flails
 - Level 1.7 Dodging
 - Level 2.1 Stealth
 - Level 1.0 Spellcasting
   Level 0.7 Conjurations
 + Level 5.8 Ice Magic


You had 3 spell levels left.
You knew the following spells:

 Your Spells              Type           Power        Failure   Level  Hunger
a - Freeze                Ice            ##..         2%          1    ##.....
b - Ozocubu's Armour      Chrm/Ice       #.........   30%         3    ####...


Dungeon Overview and Level Annotations

Branches:
Dungeon (3/27)

Altars:

Annotations
D:3 Sigmund


Innate Abilities, Weirdness & Mutations

Your body is rotting away.
You have sharp fingernails.
You are carnivorous and can eat meat at any time.
Your flesh is cold resistant.
You are immune to negative energy.
Your system is resistant to poisons.
You thrive on rotten meat.
You heal slowly.
You are immune to unholy pain and torment.
You can survive without breathing.


Message History

* * * LOW HITPOINT WARNING * * *
You hear some strange, mumbled words.
The puff of flame hits you!
* * * LOW HITPOINT WARNING * * *
It hits you.
* * * LOW HITPOINT WARNING * * *
Casting: Freeze
Confirm with . or Enter, or press ? or * to list all spells.
Aiming: Freeze
Press: ? - help, Shift-Dir - straight line You freeze it.
Casting: Freeze
Confirm with . or Enter, or press ? or * to list all spells.
Aiming: Freeze
Press: ? - help, Shift-Dir - straight line You freeze it.
You hear some strange, mumbled words.
The puff of flame hits you!
One of your 3 scrolls labeled HOEFYACLO catches fire!
You die...

######
##########)...##############
###....%..##..>.@............#
..........##....####.#######.#
.##...)...####.## #.# #.#
.##.......# #.# #.# #.#
..........####^### #.# #.#
.#.#.####..).....# #.# #.#
##.#.# #........# #.# #.#
##.#.####........###.#######[#
...%.........................#


There were no monsters in sight!

Vanquished Creatures
  A centaur (D:3)
  Crazy Yiuf (D:3)
  A worker ant (D:3)
  Ijyb (D:2)
  4 adders
  An inept item mimic (D:2)
  A worm (D:2)
  5 orcs (D:3)
  8 bats
  5 giant cockroaches
  6 hobgoblins
  4 jackals
  5 kobolds
  2 quokkas
  2 giant geckos (D:3)
  2 giant newts
  4 goblins
  8 rats
61 creatures vanquished.

Notes
Turn   | Place    | Note
--------------------------------------------------------------
     0 | D:1      | Koal, the Ghoul Ice Elementalist, began the quest for the Orb.
     0 | D:1      | Reached XP level 1. HP: 14/14 MP: 3/3
   311 | D:1      | Reached XP level 2. HP: 20/20 MP: 4/4
   751 | D:1      | Reached skill level 1 in Maces & Flails
   829 | D:2      | Reached skill level 4 in Ice Magic
  1002 | D:2      | Reached XP level 3. HP: 26/26 MP: 3/5
  1327 | D:2      | Noticed Ijyb
  1358 | D:2      | Killed Ijyb
  1358 | D:2      | Reached XP level 4. HP: 12/33 MP: 1/6
  1572 | D:2      | Learned a level 3 spell: Ozocubu's Armour
  1788 | D:3      | Noticed Sigmund
  1919 | D:3      | Reached skill level 5 in Ice Magic
  1919 | D:3      | Reached XP level 5. HP: 5/38 MP: 1/7
  2204 | D:3      | Noticed Crazy Yiuf
  2261 | D:3      | Killed Crazy Yiuf
  2692 | D:3      | Noticed a centaur
  2709 | D:3      | Killed a centaur
  2709 | D:3      | Reached XP level 6. HP: 36/45 MP: 4/8
  3106 | D:2      | Killed from afar by Sigmund

Action                   |  1- 3 |  4- 6 || total
-------------------------+-------+-------++-------
Melee: Whip              |    76 |    57 ||   133
       Unarmed           |     1 |       ||     1
 Fire: Blowgun           |       |     5 ||     5
Throw: Hand axe          |     7 |     9 ||    16
       Stone             |     6 |       ||     6
       Dart              |       |    22 ||    22
 Cast: Freeze            |    28 |    60 ||    88
 Stab: Sleeping          |     1 |       ||     1
